 Dungeon Crawl Stone Soup version 0.25-a0-558-g78a2afb0af (webtiles) character file.

Game seed: 4871510292483246993, levelgen mode: deterministic

7979 Flugslaktarn the Cleaver (level 11, -5/99 HPs)
             Began as a Minotaur Fighter on Feb 24, 2020.
             Was an Initiate of Gozag.
             Splashed by Sonja's acid (7 damage)
             ... on level 10 of the Dungeon.
             The game lasted 00:04:49 (8154 turns).

Flugslaktarn the Cleaver (Minotaur Fighter)         Turns: 8154, Time: 00:04:49

Health: -5/99      AC: 16    Str: 24    XL:     11   Next: 3%
Magic:  10/10      EV:  6    Int:  5    God:    Gozag
Gold:   812        SH: 12    Dex: 10    Spells: 10/10 levels left

rFire    + . .     SeeInvis .   a - +1 war axe
rCold    + + .     Gourm    .   F - +0 kite shield
rNeg     . . .     Faith    .   q - +0 plate armour
rPois    +         Spirit   .   (helmet restricted)
rElec    +         Reflect  .   u - +1 cloak {rPois}
rCorr    +         Harm     .   y - +1 pair of gloves
MR       .....                  s - +0 pair of boots
Stlth    ..........             (no amulet)
HPRegen  0.26/turn              k - ring of resist corrosion
MPRegen  0.12/turn              c - ring of protection from cold

@: lethally poisoned (-5 -> -7), about to teleport, resistant, corroded, hasted
and slowed
A: retaliatory headbutt, horns 2
a: Potion Petition, Call Merchant, Bribe Branch, Renounce Religion


You were on level 10 of the Dungeon.
You worshipped Gozag.
Gozag was pleased with you.
You were not hungry.

You visited 2 branches of the dungeon, and saw 11 of its levels.

You collected 978 gold pieces.
You paid 166 gold pieces to Gozag.

Inventory:

Hand Weapons
 a - a +1 war axe (weapon)
Armour
 b - a scarf of resistance
   (You found it on level 4 of the Dungeon)
 q - a +0 plate armour (worn)
   (You found it on level 4 of the Dungeon)
 s - a +0 pair of boots (worn)
   (You found it on level 4 of the Dungeon)
 u - a +1 cloak of poison resistance (worn)
   (You took it off Maurice on level 9 of the Dungeon)
 y - a +1 pair of gloves (worn)
   (You found it on level 5 of the Dungeon)
 F - a +0 kite shield (worn)
Jewellery
 c - a ring of protection from cold (right hand)
   (You found it on level 9 of the Dungeon)
 k - a ring of resist corrosion (left hand)
   (You found it on level 6 of the Dungeon)
 n - an uncursed ring of positive energy
   (You found it on level 7 of the Dungeon)
 v - an uncursed ring of fire
   (You found it on level 4 of the Dungeon)
Scrolls
 i - 3 scrolls of enchant weapon
 t - 4 scrolls of teleportation
 w - 7 scrolls of remove curse
 B - a scroll of magic mapping
Potions
 d - a potion of might
 f - a potion of magic
 g - a potion of cancellation
 h - 6 potions of heal wounds
 j - a potion of curing {unknown}
 l - a potion of lignification
 m - a potion of ambrosia {unknown}
 o - a potion of flight {unknown}
 r - a potion of stabbing {unknown}
 x - a potion of haste {unknown}
Comestibles
 e - 12 rations


   Skills:
 + Level 9.9 Fighting
 * Level 12.7 Axes
 + Level 9.9 Armour
 + Level 9.8 Shields


You had 10 spell levels left.
You didn't know any spells.
Your spell library was empty.

Dungeon Overview and Level Annotations

Branches:
Dungeon (10/15)            Temple (1/1) D:6            Lair (0/6) D:8
    Orc: D:9-12

Altars:
Ashenzari
Elyvilon
Fedhas
Gozag
Hepliaklqana
Kikubaaqudgha
Makhleb
Nemelex Xobeh
Okawaru
Qazlal
Ru
Sif Muna
Trog
Uskayaw
Vehumet
Wu Jian
Xom
Yredelemnul
Zin
The Shining One

Shops:
D:4 *   D:6 =

Annotations:
D:4 3 runed translucent doors, Ratty's ghost, amateur MiFi; Tenz's ghost, amateur SpWr
D:7 4 runed translucent doors
D:10 Sonja


Innate Abilities, Weirdness & Mutations

You reflexively headbutt those who attack you in melee.
You have a pair of horns on your head.


Message History

Sonja is lightly wounded.
You feel sick. Sonja barely misses you. You block Sonja's attack.
Sonja hits you with a +1 dagger of distortion.
Space warps horribly around you!!
* * * LOW HITPOINT WARNING * * *
Okay, then.
You aren't carrying any items that you can evoke.
Unknown command. [a] - 0 gold - haste and resistance [b] - 0 gold - invisibility, stabbing and might [c] - 0 gold - haste and brilliance Purchase which effect?
You feel yourself speed up.
You feel protected.
Sonja gestures wildly while chanting.
Sonja blinks!
Sonja zaps a wand.
The bolt of acid hits you! You resist.
* * * LOW HITPOINT WARNING * * *
You are splashed with acid!
You resist.
You die...
Your body crumbles into a pile of gold.

########## #.........
##### #.##.##.## #
...# #.#...#.##
#.####.######.........
.§..................##
#§.....###.......##
#.#@.((K# ###...#...
#.(#### #.......
#.......# #.#####.
#.##.#.## #.#####.
.....# ######.##....
###.### #......##.##.
.. ##............ .#
#.[....###.### #.
#...(..# #..#


You could see Sonja.

Vanquished Creatures
  A two-headed ogre (D:9)
  An unseen horror (D:10)
  Maurice (D:9)
  A troll (D:9)
  A hornet (D:9)
  A hippogriff (D:9)
  A wyvern (D:10)
  5 yaks
  A hungry ghost (D:8)
  A human (D:7)
  3 hogs (D:7)
  Grum (D:8)
  2 wargs (D:8)
  Duvessa (D:7)
  A water moccasin (D:10)
  3 orc warriors
  A sky beast (D:6)
  An ice beast (D:7)
  3 wolves (D:8)
  5 ogres
  4 centaurs
  A crocodile (D:9)
  A bullfrog (D:9)
  A big kobold (D:10)
  Dowan (D:7)
  A wyvern skeleton (D:6)
  A jelly (D:9)
  8 scorpions
  A water moccasin skeleton (D:6)
  5 wights (D:8)
  13 killer bees (D:8)
  4 crimson imps
  A hound (D:4)
  A bullfrog skeleton (D:6)
  An orc priest (D:8)
  6 orc wizards
  3 iguanas
  6 worker ants
  4 gnolls (D:6)
  4 adders
  4 shadow imps
  2 oozes
  An adder zombie (D:5)
  2 leopard geckos
  22 orcs
  4 giant cockroaches
  2 hobgoblins (D:3)
  5 jackals
  4 quokkas
  3 ball pythons
  3 bats
  A frilled lizard (D:3)
  3 goblins
  A jackal skeleton (D:4)
  7 kobolds
  A rat (D:1)
167 creatures vanquished.

Vanquished Creatures (others)
  A plant (D:8)
1 creature vanquished.

Grand Total: 168 creatures vanquished

Notes
Turn   | Place    | Note
-------+----------+-------------------------------------------
     0 | D:1      | Flugslaktarn the Minotaur Fighter began the quest for the
                  | Orb.
     0 | D:1      | Reached XP level 1. HP: 19/19 MP: 0/0
   242 | D:2      | Reached XP level 2. HP: 21/27 MP: 1/1
   327 | D:2      | Reached skill level 3 in Axes
   439 | D:3      | Reached XP level 3. HP: 28/33 MP: 2/2
   798 | D:5      | Entered Level 5 of the Dungeon
   824 | D:5      | Reached XP level 4. HP: 29/40 MP: 3/3
  1025 | D:4      | Reached skill level 4 in Axes
  1246 | D:4      | Found Gaxaani's General Store.
  1513 | D:4      | Reached XP level 5. HP: 33/47 MP: 4/4
  1718 | D:4      | Noticed an ogre
  1720 | D:4      | Noticed an ogre
  1726 | D:4      | Killed an ogre
  1726 | D:4      | Reached skill level 5 in Axes
  1726 | D:4      | Reached XP level 6. HP: 42/55 MP: 5/5
  1736 | D:4      | Reached skill level 5 in Fighting
  1736 | D:4      | Reached skill level 5 in Armour
  1736 | D:4      | Reached skill level 5 in Shields
  2003 | D:4      | Found a basalt altar of Yredelemnul.
  2020 | D:4      | Found a runed translucent gate.
  2021 | D:4      | Found a runed translucent gate.
  2022 | D:4      | Found a runed translucent gate.
  2022 | D:4      | Noticed Ratty's ghost (amateur MiFi)
  2022 | D:4      | Noticed Tenz's ghost (amateur SpWr)
  2410 | D:5      | Reached skill level 6 in Axes
  2410 | D:5      | Reached XP level 7. HP: 61/61 MP: 6/6
  3059 | D:6      | Found a staircase to the Ecumenical Temple.
  3074 | Temple   | Entered the Ecumenical Temple
  3314 | D:6      | Found a shimmering altar of Xom.
  3328 | D:6      | Reached skill level 7 in Axes
  3410 | D:6      | Found a hide-covered altar of Uskayaw.
  3430 | D:6      | Found Joryll's Jewellery Emporium.
  3447 | D:6      | Reached XP level 8. HP: 51/70 MP: 7/7
  3800 | D:7      | Reached skill level 8 in Axes
  3924 | D:7      | Found a huge runed translucent gate.
  3925 | D:7      | Found a huge runed translucent gate.
  3925 | D:7      | Noticed a polar bear
  3926 | D:7      | Found a huge runed translucent gate.
  3926 | D:7      | Noticed a polar bear
  3954 | D:7      | Noticed a death yak
  3991 | D:7      | Found a huge runed translucent gate.
  3992 | D:7      | Noticed a death yak
  3993 | D:7      | Noticed a dream sheep
  4055 | D:7      | Reached skill level 9 in Axes
  4057 | D:7      | Reached XP level 9. HP: 50/79 MP: 8/8
  4387 | D:7      | Noticed Dowan
  4387 | D:7      | Noticed Duvessa
  4406 | D:7      | Killed Duvessa
  4411 | D:7      | Killed Dowan
  4435 | D:7      | Found a stormy altar of Qazlal.
  4437 | D:7      | Found an opulent altar of Gozag.
  4794 | D:7      | Found a glowing silver altar of Zin.
  4794 | D:7      | Found a radiant altar of Vehumet.
  4809 | D:7      | Became a worshipper of Gozag Ym Sagoz the Greedy
  4997 | D:8      | Reached skill level 10 in Axes
  5044 | D:8      | Found a staircase to the Lair.
  5202 | D:8      | Found a shimmering blue altar of Sif Muna.
  5545 | D:8      | Reached skill level 11 in Axes
  5586 | D:8      | Reached XP level 10. HP: 90/90 MP: 9/9
  5614 | D:8      | Noticed Grum
  5624 | D:8      | Killed Grum
  6291 | D:9      | Noticed a two-headed ogre
  6303 | D:9      | Killed a two-headed ogre
  6583 | D:9      | Paralysed by a hornet for 2 turns
  6815 | D:9      | Reached skill level 12 in Axes
  6970 | D:9      | Found a bloodstained altar of Trog.
  6972 | D:9      | Found a burning altar of Makhleb.
  6988 | D:9      | Noticed Maurice
  7137 | D:9      | Killed Maurice
  7513 | D:10     | Entered Level 10 of the Dungeon
  7635 | D:10     | Killed an unseen horror
  7936 | D:10     | Reached XP level 11. HP: 61/99 MP: 10/10
  8148 | D:10     | Noticed Sonja
  8154 | D:10     | HP: 2/99 [Sonja/bolt of acid (13)]
  8154 | D:10     | Splashed by Sonja's acid

Levels and vault maps discovered:
D:1:      lightli_arrival_lavapool, layout_basic
D:2:      layout_loops_corners, lemuel_doored_altar, cheibriados_altar_1,
          serial_forest, infiniplex_forest_lined_1, infiniplex_forest_corner_1,
          infiniplex_forest_clump_curved, infiniplex_forest_clump_long,
          chequers_ecumenical_altar_lobes, st_stairs_13
D:3:      layout_basic
D:4:      layout_basic, marbit_many_paths, first_ration, serial_shops,
          shop_statue, gammafunk_ghost_cemetery
D:5:      layout_loops_ring, nicolae_ossuary_entry_ruins
D:6:      layout_gridville, lemuel_crystal_altar, kennysheep_little_box,
          minmay_temple_entry_trees, serial_shops, shop_fountains
D:7:      lemuel_bear_cage, layout_loops_ring, nicolae_overflow_hidden_temple,
          eino_small_chamber_without_monster, grunt_livestock, uniq_duvessa
D:8:      layout_loops_cross, erik_lair_orcish_takeover, basic_altar, uniq_grum
D:9:      layout_roguey, chequers_temple_overflow_statue_of_worship,
          uniq_maurice
D:10:     layout_loops_cross, special_room [special_room_bee], uniq_sonja
Temple:   minmay_temple_curvy_loop

Skill      XL: |  1  2  3  4  5  6  7  8  9 10 |
---------------+-------------------------------+-----
Axes           | 3 4 5 6 7 9 11 12 | 12.7
Shields        | 4 5 6 7 8 9 |  9.8
Fighting       | 4 5 6 7 8 9 |  9.9
Armour         | 4 5 6 7 8 9 |  9.9

Action                   |  1- 3 |  4- 6 |  7- 9 | 10-12 || total
-------------------------+-------+-------+-------+-------++-------
Melee: War axe           |    72 |    90 |   326 |   214 ||   702
       Headbutt          |    11 |    14 |    62 |    35 ||   122
Invok: Potion Petition   |       |       |       |     1 ||     1
  Use: Scroll            |       |       |       |    16 ||    16
 Stab: Distracted        |       |       |       |     2 ||     2
  Eat: Chunk             |       |     5 |     7 |       ||    12
       Ration            |       |       |     2 |     3 ||     5
Armor: Scale mail        |    54 |     8 |       |       ||    62
       Plate armour      |       |    48 |   185 |   138 ||   371
Dodge: Dodged            |    23 |    23 |    57 |    39 ||   142
Block: Kite shield       |    54 |    49 |   214 |   108 ||   425

Table legend:
 A = Non-vault XP
 B = Vault XP
 C = Vault XP percentage of total XP
 D = Non-vault monster count
 E = Vault monster count
 F = Vault count percentage of total count
                 A         B        C        D         E       F
            +---------+---------+-------+---------+---------+-------
      Total |    8661 |    2738 |  24.0 |     147 |      20 |  12.0
            +---------+---------+-------+---------+---------+-------
        D:1 |       2 |       0 |   0.0 |       2 |       0 |   0.0
        D:2 |      19 |       1 |   5.0 |       8 |       1 |  11.1
        D:3 |      35 |       0 |   0.0 |      14 |       0 |   0.0
        D:4 |     465 |       0 |   0.0 |      14 |       0 |   0.0
        D:5 |     485 |       0 |   0.0 |      18 |       0 |   0.0
        D:6 |     731 |       0 |   0.0 |      18 |       0 |   0.0
        D:7 |     414 |    1192 |  74.2 |      14 |       7 |  33.3
        D:8 |    2079 |    1083 |  34.3 |      33 |      11 |  25.0
        D:9 |    2264 |     462 |  16.9 |      10 |       1 |   9.1
       D:10 |    2167 |       0 |   0.0 |      16 |       0 |   0.0
            +---------+---------+-------+---------+---------+-------
